 Dungeon Crawl Stone Soup version 0.31-a0-435-g2c6fae2916 (webtiles) character file.

Game seed: 13144142248669061933

25 IdlyInterested the Cutter (level 2, -2/36 HPs)
             Began as a Demonspawn Gladiator on Aug 1, 2023.
             Slain by Terence
             ... wielding a +0 falchion
              (4 damage)
             ... on level 2 of the Dungeon.
             The game lasted 00:01:54 (650 turns).

IdlyInterested the Cutter (Demonspawn Gladiator)     Turns: 650, Time: 00:01:54

Health: -2/36      AC: 21    Str: 14    XL:     2   Next: 86%
Magic:  2/2        EV:  2    Int:  9    God:
Gold:   66         SH:  0    Dex: 14    Spells: 1/1 levels left

rFire   . . .        (no weapon)
rCold   + . .        (no shield)
rNeg    . . .        j - melded +0 ring mail
rPois   +            c - melded +0 helmet
rElec   .            (cloak currently unavailable)
rCorr   .            (gloves currently unavailable)
SInv    .            (boots currently unavailable)
Will    .....        (no amulet)
Stlth   +            f - ring of protection from cold
HPRegen 0.26/turn    (no ring)
MPRegen 0.08/turn

%: no passive effects
@: tree-form
A: stationary, stasis, torment immunity, boosted hp, (icy blue scales 1)
a: no special abilities


You were on level 2 of the Dungeon.
You were a tree.
You visited 1 branch of the dungeon, and saw 2 of its levels.

You collected 66 gold pieces.

Inventory:

Hand Weapons
 a - a +0 rapier
Missiles
 e - 6 javelins
 k - 5 stones (quivered)
Armour
 b - a +0 leather armour
 c - a +0 helmet (melded)
 j - a +0 ring mail (melded)
Jewellery
 f - a ring of protection from cold (left branch)
Scrolls
 h - a scroll of enchant armour {unknown}
 i - a scroll of identify {unknown}


   Skills:
 * Level 3.0 Fighting
 - Level 3.0 Short Blades
 - Level 1.7 Throwing
 + Level 2.8 Dodging


You had one spell level left.
You didn't know any spells.
Your spell library was empty.

Dungeon Overview and Level Annotations

Branches:
Dungeon (2/15)

Altars:

Annotations:
D:2 Terence


Innate Abilities, Weirdness & Mutations

You are a tree.
Your roots penetrate the ground, keeping you stationary.
You cannot be teleported.
You are immune to unholy pain and torment.
Your maximum health is greatly increased.
Your equipment is partially melded.
((You are partially covered in icy blue scales. (AC +2)))


Message History

* * * LOW HITPOINT WARNING * * *
The giant cockroach bites you but does no damage.
It was a potion of lignification.
You turn into a tree.
Your +0 helmet melds into your body.
Your +0 ring mail melds into your body.
Your roots penetrate the ground.
The giant cockroach bites you but does no damage.
Terence hits you but does no damage.
You hit Terence but do no damage.
Terence is moderately wounded.
The giant cockroach bites you.
* * * LOW HITPOINT WARNING * * *
Terence hits you but does no damage.
You are now empty-handed.
The giant cockroach bites you but does no damage.
You barely miss Terence.
Terence is moderately wounded.
Terence hits you but does no damage. The giant cockroach bites you.
* * * LOW HITPOINT WARNING * * *
You hit Terence but do no damage.
Terence is moderately wounded.
Terence hits you but does no damage. The giant cockroach barely misses you.
You completely miss the giant cockroach.
The giant cockroach barely misses you. Terence hits you but does no damage.
You smack the giant cockroach!
You kill the giant cockroach!
Terence hits you with a +0 falchion.
* * * LOW HITPOINT WARNING * * *
You hit Terence but do no damage.
Terence is moderately wounded.
Terence hits you but does no damage.
You barely miss Terence.
Terence is moderately wounded.
Terence hits you but does no damage.
You hit Terence but do no damage.
Terence is moderately wounded.
Terence completely misses you.
You hit Terence.
Terence is heavily wounded.
Terence hits you with a +0 falchion.
You die...

## . .# #. . .
.####.##. .##
........# .(#
........#...#
........#...###
......†.@......
.......♣.......
........#..####
........# .#
###...### #
#... #... #..
?..


You could see Terence.

Vanquished Creatures
  4 ball pythons (D:1)
  3 bats (D:1)
  3 endoplasms (D:1)
  2 giant cockroaches
  4 goblins (D:1)
  2 hobgoblins (D:1)
  3 frilled lizards (D:1)
  A kobold (D:1)
  2 rats (D:1)
24 creatures vanquished.

Notes
Turn   | Place    | Note
-------+----------+-------------------------------------------
     0 | D:1      | IdlyInterested the Demonspawn Gladiator began the quest for
                  | the Orb.
     0 | D:1      | Reached XP level 1. HP: 16/16 MP: 1/1
    56 | D:1      | Found a faded altar of an unknown god.
   134 | D:1      | Gained mutation: You are partially covered in icy blue
                  | scales. (AC +2) [demonic ancestry]
   134 | D:1      | Reached XP level 2. HP: 12/23 MP: 2/2
   612 | D:2      | Noticed Terence
   646 | D:2      | HP: 1/36 [Terence/+0 falchion (2)]
   650 | D:2      | Slain by Terence

Illustrated notes

Levels and vault maps discovered:
D:1:      wander_arrival_desolate, layout_rooms,
          hellmonk_ecumenical_altar_leap_of_faith, minmay_box_of_dots
D:2:      layout_loops_ring, minmay_tromino_i2, uniq_terence

Skill      XL: |  1  2 |
---------------+-------+-----
Short Blades   | 3 |  3.0
Fighting       | 3 |  3.0
Throwing       | |  1.7
Dodging        | |  2.8

Action                     || total
---------------------------++-------
  Melee: Rapier            ||   100
         Unarmed           ||     8
  Throw: Throwing net      ||     3
         Stone             ||     1
    Use: Potion            ||     1
 Armour: Leather armour    ||    31
         Ring mail         ||    16
         Skin              ||     9
  Dodge: Dodged            ||    60

Table legend: (Time is in decaauts)
 A = Elapsed time spent in this place.
 B = Non-inter-level travel time spent in this place.
 C = Inter-level travel time spent in this place.
 D = Time resting spent in this place.
 E = Time spent auto-exploring this place.
 F = Levels seen in this place.
 G = Mean time per level.
                   A        B        C        D        E       F      G
               +--------+--------+--------+--------+--------+-----+--------+
         Total |    654 |    595 |     59 |     66 |    294 |   2 |  327.0 |
       Dungeon |    654 |    595 |     59 |     66 |    294 |   2 |  327.0 |
               +--------+--------+--------+--------+--------+-----+--------+

Top non-repeatable levels by time:
     D:1: 614 daAuts
     D:2: 39 daAuts
